cohdb
Replays
Latest Replays
All Replays
Popular Replays
Top Player Replays
Match Explorer
How It Works
Community
CoH3 Stats
Reddit
Sign in to upload your games and track your stats! →
Sign in with Steam
Match 43448911
Unlisted
Match 43448911
Overview
Messages
Build Orders
End
Panzergrenadier Squad
Selects Armored Support Battlegroup
250 Light Carrier
Panzergrenadier Squad
Construct Light Support Kompanie
Panzerjäger Squad
2.5-tonne Medical Truck
Selects Salvage Kits
Assault Mechanized Group
Construct Mechanized Kompanie
8 Rad Armored Car
Selects Veteran Gunners
Selects Flammpanzer III Medium Tank
Flammpanzer III Medium Tank
Panzerpioneer Squad
TEXAS YEE
Zerg6412
simranjitsingh713
Köfte
KELE
Trueno
Mr.NooB
김치워리어
0
0
Comments
sign in to comment!
No comments posted yet!